 Dungeon Crawl Stone Soup version 0.28.0-43-g3370ac3207 (webtiles) character file.

Game seed: 18205262690405187603

445 Zeld the Magician (level 6, -9/32 HPs)
             Began as a Deep Elf Fire Elementalist on Mar 16, 2022.
             Killed by divine providence
             ... invoked by an orc priest
              (10 damage)
             ... on level 4 of the Dungeon.
             The game lasted 00:06:52 (3700 turns).

Zeld the Magician (Deep Elf Fire Elementalist)      Turns: 3700, Time: 00:06:54

Health: -9/32      AC:  2    Str:  5    XL:     6   Next: 72%
Magic:  14/16      EV: 13    Int: 22    God:
Gold:   127        SH:  0    Dex: 15    Spells: 9/16 levels left

rFire   . . .      SeeInvis .   (no weapon)
rCold   . . .      Faith    .   (no shield)
rNeg    . . .      Spirit   .   a - +0 robe
rPois   .          Reflect  .   (no helmet)
rElec   .          Harm     .   (no cloak)
rCorr   .          Rampage  .   (no gloves)
Will    .....                   (no boots)
Stlth   +++.......              (no amulet)
HPRegen 0.10/turn               (no ring)
MPRegen 0.15/turn               (no ring)

@: lethally poisoned (-9 -> -14)
A: no striking features
a: no special abilities


You were on level 4 of the Dungeon.
You visited 1 branch of the dungeon, and saw 4 of its levels.

You collected 127 gold pieces.

Inventory:

Armour
 a - a +0 robe (worn)
Wands
 j - a wand of iceblast (2)
 m - a wand of acid (6)
Scrolls
 c - a scroll of immolation {unknown}
 i - a scroll of magic mapping {unknown}
 l - a scroll of identify {unknown}
 n - a scroll of enchant weapon {unknown}
Potions
 b - 2 potions of lignification {unknown}
 d - a potion of berserk rage {unknown}
 e - 3 potions of magic {unknown}
 f - a potion of degeneration {unknown}
 g - a potion of heal wounds {unknown}
 h - 2 potions of mutation {unknown}
 k - 4 potions of curing {unknown}


   Skills:
 + Level 3.9 Dodging
 + Level 4.2 Stealth
 * Level 5.9 Spellcasting
 + Level 2.7 Conjurations
 * Level 5.2 Fire Magic


You had 9 spell levels left.
You knew the following spells:

 Your Spells              Type           Power      Damage    Failure   Level
a - Foxfire               Conj/Fire      96%        2x1d8     1%          1
b - Scorch                Fire           58%        2d8       1%          2
c - Flame Wave            Conj/Fire      24%        2d7       19%         4

Your spell library contained the following spells:

 Spells                   Type           Power      Damage    Failure   Level
 Conjure Flame            Conj/Fire      24%        6-21      5%          3
 Inner Flame              Hex/Fire       17%        N/A       10%         3


Dungeon Overview and Level Annotations

Branches:
Dungeon (4/15)
 Temple: D:4-7

Altars:

Shops:
D:2 (


Message History

The foxfire hits the orc wizard but does no damage.
The orc wizard is severely wounded.
An adder comes into view.
Casting: Foxfire (safe; 1% risk of failure)
Confirm with . or Enter, or press ? or * to list all spells.
You conjure some foxfire!
An orc priest comes into view. It is wielding a +0 trident.
Your foxfire dissipates!
The foxfire hits the orc.
The orc is moderately wounded.
The foxfire hits the orc wizard!
You kill the orc wizard!
An adder comes into view.
The orc priest mumbles some strange prayers to Beogh against you.
Beogh smites you!
Casting: Foxfire (safe; 1% risk of failure)
Confirm with . or Enter, or press ? or * to list all spells.
You conjure some foxfire!
The adder hisses angrily.
The orc hits you with a +0 falchion.
* * * LOW HITPOINT WARNING * * *
The foxfire hits the orc!
You kill the orc!
The foxfire hits the orc.
The orc is almost dead.
The orc misses you. The adder bites you.
* * * LOW HITPOINT WARNING * * *
You are poisoned.
The adder poisons you!
You feel sick.
You feel sick.
There is a stone staircase leading down here.
You feel sick. The adder bites you.
* * * LOW HITPOINT WARNING * * *
You are more poisoned.
The adder poisons you! The adder barely misses you.
The orc priest calls down the wrath of Beogh upon you.
Beogh smites you!
You die...

#..# #. ##.## #.
#..# #. #.##
######.
#.######......
#........####.
#..####### #.
...#.######..######
#.
.......@So.........
#.
###....####oS......
##
#........).######
####.....).#
#......o##
......... ..####.#.
.. #S # ..


You could see an orc priest, 2 adders and an orc.

Vanquished Creatures
  Sigmund (D:3)
  A bullfrog skeleton (D:4)
  Jessica (D:3)
  3 orc wizards (D:4)
  A hound skeleton (D:4)
  3 gnolls (D:2)
  4 adders
  An ufetubus (D:4)
  An adder skeleton (D:4)
  A worm (D:2)
  6 orcs
  5 ball pythons
  9 endoplasms
  3 giant cockroaches (D:3)
  4 hobgoblins
  3 jackals (D:3)
  3 quokkas
  3 bats (D:2)
  5 frilled lizards
  4 goblins
  9 kobolds
  A quokka skeleton (D:4)
  3 rats
75 creatures vanquished.

Vanquished Creatures (others)
  222 foxfires
222 creatures vanquished.

Grand Total: 297 creatures vanquished

Notes
Turn   | Place    | Note
-------+----------+-------------------------------------------
     0 | D:1      | Zeld the Deep Elf Fire Elementalist began the quest for the
                  | Orb.
     0 | D:1      | Reached XP level 1. HP: 10/10 MP: 6/6
   411 | D:1      | Reached XP level 2. HP: 15/15 MP: 6/8
   818 | D:1      | Learned a level 2 spell: Scorch
   834 | D:2      | Reached XP level 3. HP: 13/19 MP: 2/10
  1103 | D:2      | Reached XP level 4. HP: 23/24 MP: 8/12
  1320 | D:2      | Found Ewoynaysm's Weapon Boutique.
  2058 | D:3      | Noticed Sigmund
  2688 | D:3      | Killed Sigmund
  2689 | D:3      | Reached skill level 5 in Spellcasting
  2689 | D:3      | Reached XP level 5. HP: 26/28 MP: 4/14
  2689 | D:3      | Reached XP level 6. HP: 30/32 MP: 4/15
  2694 | D:3      | Learned a level 4 spell: Flame Wave
  3079 | D:3      | Noticed a golden eye
  3081 | D:3      | Found a faded altar of an unknown god.
  3083 | D:3      | Noticed a shining eye
  3083 | D:3      | Noticed a shining eye
  3083 | D:3      | Noticed a floating eye
  3086 | D:3      | Noticed Jessica
  3094 | D:3      | Killed Jessica
  3269 | D:4      | Reached skill level 5 in Fire Magic
  3700 | D:4      | HP: 1/32 [adder (3)]
  3700 | D:4      | Killed from afar by an orc priest

Illustrated notes

Levels and vault maps discovered:
D:1:      mrwooster_arrival_arrow, layout_rooms
D:2:      layout_rooms, serial_shops, shop
D:3:      layout_rooms, hellmonk_ecumenical_altar_watching_god,
          minmay_misc_feat_chi, minmay_door_square, uniq_jessica, uniq_sigmund
D:4:      layout_rooms, item_on_display_a, uniq_edmund

Skill      XL: |  1  2  3  4  5  6 |
---------------+-------------------+-----
Stealth        | 3 4 |  4.2
Spellcasting   | 4 5 |  5.9
Dodging        | 3 |  3.9
Fire Magic     | 4 5 |  5.2
Conjurations   | 2 |  2.7

Action                   |  1- 3 |  4- 6 || total
-------------------------+-------+-------++-------
Melee: Unarmed           |       |    14 ||    14
 Cast: Foxfire           |    60 |    59 ||   119
       Scorch            |     5 |    26 ||    31
       Flame Wave        |       |     1 ||     1
Armor: Robe              |       |     8 ||     8
Dodge: Dodged            |     3 |    34 ||    37
